 Dungeon Crawl Stone Soup version 0.28-a0-1624-g820543e53a (webtiles) character file.

Game seed: 14290074880492919406

16374 soggyman666 the Thaumaturge (level 12, 0/70 HPs)
             Began as a Djinni Fire Elementalist on Jan 24, 2022.
             Was a Priest of Makhleb.
             Slain by a reaper (2 damage)
             ... in an ice cave.
             The game lasted 01:00:38 (12644 turns).

soggyman666 the Thaumaturge (DjFE)                 Turns: 12644, Time: 01:00:38

Health: 0/70       AC:  5    Str:  7    XL:     12   Next: 69%
Gold:   245        EV: 17    Int: 21    God:    Makhleb [***...] SH:  0 Dex: 15

rFire   + + +      SeeInvis .   c - staff of fire
rCold   + + .      Faith    .   (no shield)
rNeg    . . .      Spirit   .   o - +0 robe "Ejipsila" {rC+ Stlth+ Archmagi}
rPois   ∞          Reflect  .   y - +0 hat {Stlth+}
rElec   .          Harm     .   (no cloak)
rCorr   .          Rampage  .   C - +2 pair of gloves
Will    +....      Archmagi +   (boots unavailable)
Stlth   ++++......              h - amulet of regeneration
HPRegen 1.01/turn               g - ring of protection from cold
MPRegen 0.00/turn               r - ring of protection from cold

@: flying
A: sickness immunity, fire resistance 2, cold vulnerability 1, float, innate
caster, hp casting, extra vitality 1
a: Renounce Religion, Minor Destruction, Lesser Servant of Makhleb


You were in an ice cave.
You worshipped Makhleb.
Makhleb was most pleased with you.
You visited 3 branches of the dungeon, and saw 12 of its levels.
You also visited: Ice Cave.

You collected 661 gold pieces.
You spent 416 gold pieces at shops.

Inventory:

Hand Weapons
 v - the +7 hand axe "Etumoull" {freeze, +Blink rElec rN+ Will+}
   (You found it on level 8 of the Dungeon)

   It freezes those it strikes, dealing additional cold damage.
   It can also slow down cold-blooded creatures.
   rElec:     It insulates you from electricity.
   rN:        It protects you from negative energy.
   +Blink:    It lets you blink.
   Will:      It increases your willpower.
Armour
 o - the +0 robe "Ejipsila" (worn) {rC+ Stlth+ Archmagi}
   (You found it on level 3 of the Dungeon)

   rC:        It protects you from cold.
   Archmagi:  It increases the power of your magical spells.
   Stlth:     It makes you more stealthy.
 y - a +0 hat of stealth (worn)
 C - a +2 pair of gloves (worn)
Magical Staves
 c - a staff of fire (weapon)
Jewellery
 g - a ring of protection from cold (left hand)
 h - an amulet of regeneration (around neck)
 i - a ring of wizardry
 p - a ring of willpower
 r - a ring of protection from cold (right hand)
 x - a ring of resist corrosion
 A - an amulet of reflection
Wands
 m - a wand of mindburst (8)
 s - a wand of paralysis (16)
 u - a wand of iceblast (11)
 w - a wand of flame (8)
Scrolls
 j - 7 scrolls of fear
 k - 4 scrolls of teleportation
 n - 2 scrolls of blinking
Potions
 a - a potion of cancellation {unknown}
 b - 6 potions of curing
 d - 2 potions of brilliance
 e - 2 potions of flight {unknown}
 f - 2 potions of ambrosia {unknown}
 l - a potion of attraction {unknown}
 q - 2 potions of lignification {unknown}
 t - a potion of invisibility {unknown}
 z - a potion of heal wounds {unknown}
 B - a potion of degeneration {unknown}


   Skills:
 - Level 0.1 Fighting
 * Level 9.8 Dodging
 - Level 1.6 Stealth
 - Level 12.0 Spellcasting
 * Level 5.2 Invocations
 - Level 7.9 Evocations


You had 9 spell levels left.
You knew the following spells:

 Your Spells              Type           Power      Damage    Failure   Level
a - Foxfire               Conj/Fire      100%       2x1d9     1%          1
b - Scorch                Fire           100%       2d10      1%          2
c - Conjure Flame         Conj/Fire      97%        6-21      1%          3
d - Inner Flame           Hex/Fire       97%        N/A       1%          3
e - Flame Wave            Conj/Fire      97%        2d16      1%          4
f - Freeze                Ice            100%       1d11      1%          1
g - Passwall              Tmut/Erth      63%        N/A       1%          2
h - Call Canine Familiar  Summ           76%        N/A       1%          3
i - Lesser Beckoning      Tloc           76%        N/A       1%          3
j - Sticky Flame          Conj/Fire      97%        2d11      1%          4
Your spell library was empty.

Dungeon Overview and Level Annotations

Branches:
Dungeon (9/15)             Temple (1/1) D:6            Lair (2/6) D:9
  IceCv (1/1)
  Swamp: Lair:2-4    Shoals: Lair:2-4     Snake: Lair:2-4    Spider: Lair:2-4
    Orc: D:9-12

Altars:
Ashenzari
Cheibriados
Dithmenos
Elyvilon
Fedhas
Gozag
Hepliaklqana
Kikubaaqudgha
Makhleb
Nemelex Xobeh
Okawaru
Qazlal
Ru
Sif Muna
Trog
Uskayaw
Vehumet
Wu Jian
Xom
Yredelemnul
Zin
The Shining One

Shops:
D:3 *   D:4 *   D:5 *   D:7 *

Annotations:
D:7 rings!


Innate Abilities, Weirdness & Mutations

You are immune to sickness and miasma.
You are immune to poison.
Your flesh is very heat resistant. (rF++)
You are vulnerable to cold. (rC-)
You float through the air rather than walking.
You learn spells naturally, not from books.
Your magical power is your life essence.
You have superior vitality. (+4 MHP)


Message History

Makhleb accepts your kill.
You feel better.
You hear a sizzling sound!
You start resting.
HP restored.
There is an open door here.
You swap places.
You swap places.
You swap places.
You swap places.
Casting: Sticky Flame (safe; 1% risk of failure)
Confirm with . or Enter, or press ? or * to list all spells.
You feel a surge of power!
Your warg disappears in a puff of smoke!
You reach down and open the door.
A reaper comes into view. It is wielding a +1 scythe of freezing.
Found a scroll of fog, a robe of resistance and a gnarled glowing staff.
What are your orders? t - Shout!
Orders for allies: a - Attack new target. r - Retreat! s - Stop attacking. g - Guard the area. f - Follow me.
Anything else - Cancel.
Okay, then.
Casting: Call Canine Familiar (safe; 1% risk of failure)
Confirm with . or Enter, or press ? or * to list all spells.
You feel a strong surge of power!
The fire begins to smoulder!
The reaper hits you from afar with a +1 scythe of freezing!!!
Ouch! That really hurt!
The fire ignites!
Casting: Conjure Flame (safe; 1% risk of failure)
Confirm with . or Enter, or press ? or * to list all spells.
You feel a strong surge of power!
Flames lash the reaper.
The reaper is lightly wounded.
The reaper's fire resistance burns away.
Your warg bites the reaper but does no damage.
The reaper hits you from afar with a +1 scythe of freezing!!
* * * LOW HITPOINT WARNING * * *
The reaper freezes you.
You die...

#.#.'.......'.#.#
#'######'######'#
#...............#
####8.#####.8####
##.#|. #.## #.#.⌠
#.# #.#[? #.#
#.##2##.#
#...h§@.#
####⌠#### ###


You could see a reaper (combustible, ally target) and a friendly warg
(summoned).

Vanquished Creatures
  A boulder beetle (Lair:2)
  A two-headed ogre (D:7)
  2 ice statues (IceCv)
  Maurice (D:9)
  A cane toad (Lair:1)
  2 komodo dragons (Lair:1)
  A rime drake (Lair:2)
  2 anaconda simulacra (IceCv)
  The ghost of ragingrage the Charlatan, a novice GrAr (D:5)
  An efreet (D:8)
  4 entropy weaver simulacra (IceCv)
  A freezing wraith (IceCv)
  3 ice devils (IceCv)
  A polar bear (Lair:2)
  Prince Ribbit (D:5)
  8 yaks (D:9)
  Sigmund (D:3)
  A death yak simulacrum (IceCv)
  A steam dragon (D:8)
  Menkaure (D:4)
  3 harpy simulacra (IceCv)
  Duvessa (D:7)
  An acid dragon (D:9)
  2 wargs (D:9)
  2 water moccasins
  2 orc warriors
  An ice beast (D:7)
  2 sky beasts
  2 ogres
  3 wolves (Lair:1)
  3 necrophages
  2 centaurs
  2 kobold brigands
  Blork the orc (D:6)
  4 bullfrogs
  A scorpion (D:5)
  A cane toad simulacrum (IceCv)
  A wyvern skeleton (D:7)
  An elephant simulacrum (IceCv)
  7 killer bees
  A wight (D:7)
  2 howler monkeys
  2 bullfrog zombies (D:6)
  A hound (D:7)
  A jelly (D:7)
  3 orc priests
  5 orc wizards
  3 iguanas
  2 killer bee zombies
  2 spriggan simulacra (IceCv)
  2 hound skeletons
  4 adders
  A shadow imp (D:6)
  3 white imps
  An adder skeleton (D:4)
  2 worms (D:2)
  3 dart slugs
  16 orcs
  7 ball pythons
  5 bats
  8 endoplasms
  5 giant cockroaches
  4 goblins
  5 hobgoblins
  5 quokkas
  A frilled lizard (D:2)
  13 kobolds
  3 rats
187 creatures vanquished.

Vanquished Creatures (collateral kills)
  Gastronok (Lair:2)
  A hydra (Lair:1)
  A black mamba (Lair:1)
  A rime drake (Lair:2)
  An ice devil (IceCv)
  A yak (D:9)
  A wyvern (Lair:2)
  A steam dragon (D:7)
  A harpy simulacrum (IceCv)
  A warg (D:9)
  A water moccasin (Lair:1)
  An orc warrior (D:9)
  An ice beast (D:6)
  A necrophage (D:5)
  A centaur (D:9)
  3 wolves (Lair:1)
  A phantom (D:5)
  A scorpion (D:7)
  Dowan (D:7)
  2 hounds (D:6)
  An orc priest (D:8)
  2 orc wizards
  A white imp (IceCv)
  A dart slug (D:4)
  4 orcs
  5 kobolds
  9 foxfires (Lair:2)
46 creatures vanquished.

Vanquished Creatures (others)
  764 foxfires
  5 fungi
  3 plants
772 creatures vanquished.

Grand Total: 1005 creatures vanquished

Notes
Turn   | Place    | Note
-------+----------+-------------------------------------------
     0 | D:1      | soggyman666 the Djinni Fire Elementalist began the quest
                  | for the Orb.
     0 | D:1      | Reached XP level 1. HP: 15/15 MP: 0/0
   464 | D:1      | Reached XP level 2. HP: 18/21 MP: 0/0
   854 | D:1      | Reached skill level 3 in Spellcasting
  1044 | D:1      | Reached XP level 3. HP: 25/25 MP: 0/0
  1044 | D:1      | Learned a level 1 spell: Freeze
  1171 | D:1      | Found a faded altar of an unknown god.
  2000 | D:2      | Reached XP level 4. HP: 27/31 MP: 0/0
  3134 | D:3      | Found Memay's General Store.
  3160 | D:3      | Bought a scroll of fear for 49 gold pieces
  3160 | D:3      | Bought a scroll of teleportation for 42 gold pieces
  3377 | D:3      | Noticed Sigmund
  3383 | D:3      | Killed Sigmund
  3384 | D:3      | Reached skill level 4 in Spellcasting
  3384 | D:3      | Reached XP level 5. HP: 31/35 MP: 0/0
  3384 | D:3      | Learned a level 2 spell: Passwall
  3384 | D:3      | Reached XP level 6. HP: 36/40 MP: 0/0
  3387 | D:3      | Identified the +1 ring mail of the Trout {rPois}
  3490 | D:3      | Identified the +0 robe "Ejipsila" {rC+ Stlth+ Archmagi}
  3570 | D:3      | Found an iron altar of Okawaru.
  3579 | D:3      | Found a glowing silver altar of Zin.
  3674 | D:4      | Reached skill level 5 in Spellcasting
  3679 | D:4      | Noticed Menkaure
  3684 | D:4      | Killed Menkaure
  3685 | D:4      | Reached XP level 7. HP: 26/45 MP: 0/0
  3685 | D:4      | Learned a level 3 spell: Call Canine Familiar
  3807 | D:4      | Found a sparkling altar of Nemelex Xobeh.
  3886 | D:4      | Reached skill level 6 in Spellcasting
  4075 | D:4      | Found a shimmering altar of Xom.
  4076 | D:4      | Found a shimmering altar of Xom.
  4076 | D:4      | Found a shimmering altar of Xom.
  4077 | D:4      | Found a shimmering altar of Xom.
  4194 | D:4      | Found Celav's Fire Supplies.
  4425 | D:5      | Entered Level 5 of the Dungeon
  4494 | D:5      | Reached XP level 8. HP: 48/50 MP: 0/0
  4608 | D:5      | Reached skill level 7 in Spellcasting
  4726 | D:5      | Found a runed translucent door.
  4909 | D:5      | Found Ufeshofi's General Store.
  4925 | D:5      | Noticed Prince Ribbit
  4931 | D:5      | Killed Prince Ribbit
  5033 | D:5      | Reached skill level 8 in Spellcasting
  5214 | D:5      | Noticed ragingrage's ghost (novice GrAr)
  5227 | D:5      | Killed ragingrage's ghost
  5228 | D:5      | Reached XP level 9. HP: 48/55 MP: 0/0
  5228 | D:5      | Learned a level 3 spell: Lesser Beckoning
  5574 | D:6      | Reached skill level 9 in Spellcasting
  5699 | D:6      | Noticed Blork the orc
  5704 | D:6      | Killed Blork the orc
  5834 | D:6      | Found a staircase to the Ecumenical Temple.
  5856 | Temple   | Entered the Ecumenical Temple
  6052 | Temple   | Became a worshipper of Makhleb the Destroyer
  6773 | D:7      | Reached skill level 10 in Spellcasting
  6798 | D:7      | Noticed a two-headed ogre
  6804 | D:7      | Killed a two-headed ogre
  6805 | D:7      | Reached XP level 10. HP: 57/60 MP: 0/0
  6865 | D:7      | Reached * piety under Makhleb
  6900 | D:7      | Found Ogiumurch's Assorted Antiques.
  7391 | D:7      | Noticed Dowan
  7395 | D:7      | Noticed Duvessa
  7402 | D:7      | Killed Duvessa
  7402 | D:7      | Killed Dowan
  7403 | D:7      | Reached skill level 11 in Spellcasting
  7729 | D:4      | Bought a staff of fire for 325 gold pieces
  7913 | D:8      | Noticed an efreet
  7938 | D:8      | Identified the +1 scale mail of Fefosoh {Slay+6}
  8186 | D:8      | Identified the +7 hand axe "Etumoull" {freeze, +Blink rElec
                  | rN+ Will+}
  8210 | D:8      | Reached skill level 1 in Evocations
  9468 | D:8      | Killed an efreet
  9507 | D:9      | Found a staircase to the Lair.
  9558 | D:9      | Reached skill level 5 in Evocations
  9586 | D:9      | Reached ** piety under Makhleb
  9678 | D:9      | Reached XP level 11. HP: 55/65 MP: 0/0
  9678 | D:9      | Learned a level 4 spell: Sticky Flame
  9925 | D:9      | Noticed Maurice
  9936 | D:9      | Killed Maurice
 10004 | D:9      | Found a stormy altar of Qazlal.
 10449 | Lair:1   | Entered Level 1 of the Lair of Beasts
 10477 | Lair:1   | Reached skill level 5 in Dodging
 10578 | Lair:1   | Noticed a five-headed hydra
 10589 | Lair:1   | Killed a five-headed hydra
 10661 | Lair:1   | Reached *** piety under Makhleb
 10821 | Lair:1   | Reached skill level 12 in Spellcasting
 11285 | Lair:2   | Noticed a boulder beetle
 11365 | Lair:2   | Killed a boulder beetle
 11387 | Lair:2   | Noticed Gastronok
 11401 | Lair:2   | Killed Gastronok
 11402 | Lair:2   | Reached XP level 12. HP: 67/70 MP: 0/0
 11526 | Lair:2   | Reached skill level 1 in Invocations
 11637 | Lair:2   | Found a frozen archway.
 11655 | IceCv    | Entered an ice cave
 12557 | IceCv    | Reached skill level 5 in Invocations
 12641 | IceCv    | Noticed a reaper
 12644 | IceCv    | HP: 2/70 [reaper (28)]
 12644 | IceCv    | Slain by a reaper

Illustrated notes

Levels and vault maps discovered:
D:1:      lemuel_arrival_muddy, layout_loops_cross, basic_ecumenical_altar,
          minmay_domino_2
D:2:      layout_rooms
D:3:      layout_basic, mainiacjoe_overflow_swirl, serial_shops,
          nicolae_shop_crystal, uniq_sigmund
D:4:      layout_loops_cross, mainiacjoe_overflow_catwalk, xom_redecorated,
          mainiacjoe_overflow_small_starburst, nicolae_shop_fire_sale
          [nicolae_sub_dead_trees], skrybe_limestone_x, uniq_menkaure
D:5:      layout_loops_ring, serial_shops, shop, ebering_ghost_reflecting_pool,
          serial_park_tiny_1, uniq_prince_ribbit1
D:6:      minmay_spotlight, layout_layer_cave, minmay_temple_entry_offerings,
          uniq_blork_the_orc
D:7:      layout_rooms, kennysheep_windowed_goal, uniq_duvessa
D:8:      layout_loops_ring
D:9:      layout_long_grid, mainiacjoe_overflow_alcove_2,
          erik_lair_orcish_takeover, minmay_misc_feat_room, uniq_maurice
Temple:   eino_temple_scatter_basement
Lair:1:   layout_cave_pods, serial_bayou_shore_b
Lair:2:   minmay_guarded_unrand_snakebite, layout_gridlike,
          hellmonk_spider_entry_not_the_bees, portal_ice_cave_rime,
          nzn_random_ring, uniq_gastronok
IceCv:    ice_cave_tombish

Skill      XL: |  1  2  3  4  5  6  7  8  9 10 11 12 |
---------------+-------------------------------------+-----
Spellcasting   | 3 4 5 6 8 10 11 12 | 12.0
Dodging        | 3 4 7 9 |  9.8
Evocations     | 5 7 |  7.9
Invocations    | 5 |  5.2
Fighting       | |  0.1
Stealth        | |  1.6

Action                   |  1- 3 |  4- 6 |  7- 9 | 10-12 || total
-------------------------+-------+-------+-------+-------++-------
Melee: Dagger            |       |       |     1 |       ||     1
       Staff             |       |       |       |     2 ||     2
 Cast: Foxfire           |    85 |    93 |   135 |   187 ||   500
       Scorch            |       |     7 |    57 |   150 ||   214
       Call Canine Famil |       |       |    15 |    46 ||    61
       Conjure Flame     |       |       |     5 |     7 ||    12
       Passwall          |       |       |     1 |       ||     1
       Freeze            |       |       |       |     1 ||     1
       Sticky Flame      |       |       |       |    26 ||    26
       Lesser Beckoning  |       |       |       |     1 ||     1
Invok: Lesser Servant of |       |       |       |     1 ||     1
Evoke: Wand              |       |       |       |     4 ||     4
  Use: Scroll            |     2 |     2 |     2 |     8 ||    14
 Stab: Sleeping          |       |       |     1 |       ||     1
Armor: Robe              |     1 |     3 |     3 |     9 ||    16
Dodge: Dodged            |    13 |     9 |    11 |    61 ||    94

Table legend: (Time is in decaauts)
 A = Elapsed time spent in this place.
 B = Non-inter-level travel time spent in this place.
 C = Inter-level travel time spent in this place.
 D = Time resting spent in this place.
 E = Time spent auto-exploring this place.
 F = Levels seen in this place.
 G = Mean time per level.
                   A        B        C        D        E       F      G
               +--------+--------+--------+--------+--------+-----+--------+
         Total |  12659 |  11445 |   1214 |    963 |   8121 |  13 |  973.8 |
       Dungeon |  10207 |   9136 |   1071 |    514 |   7093 |   9 | 1134.1 |
        Temple |    250 |    224 |     26 |      0 |    206 |   1 |  250.0 |
          Lair |   1208 |   1091 |    117 |     48 |    788 |   2 |  604.0 |
      Ice Cave |    992 |    992 |      0 |    401 |     34 |   1 |  992.0 |
               +--------+--------+--------+--------+--------+-----+--------+

Top non-repeatable levels by time:
     D:8: 1642 daAuts
     D:1: 1554 daAuts
     D:6: 1261 daAuts
     D:3: 1168 daAuts
     D:2: 1022 daAuts
     D:5: 1007 daAuts
   IceCv: 992 daAuts
     D:9: 944 daAuts
  Lair:1: 886 daAuts
     D:7: 815 daAuts
     D:4: 790 daAuts
  Lair:2: 322 daAuts
  Temple: 250 daAuts
